 Dungeon Crawl Stone Soup version 0.17-a0-1497-g03599f7 (webtiles) character file.

135 urechis the Skirmisher (level 4, -4/37 HPs)
             Began as a Demonspawn Gladiator on July 6, 2015.
             Slain by an orc priest
             ... wielding a +2 hand axe of electrocution
              (7 damage)
             ... on level 3 of the Dungeon.
             The game lasted 00:06:39 (2671 turns).

urechis the Skirmisher (Demonspawn Gladiator)       Turns: 2671, Time: 00:06:40

Health: -4/37      AC:  8    Str: 16    XL:     4   Next: 97%
Magic:  4/4        EV: 12    Int:  9    God:
Gold:   92         SH:  0    Dex: 13    Spells: 0 memorised, 3 levels left

rFire  . . .     SeeInvis .     a - +0 long sword
rCold  . . .     Clarity  .     b - +0 leather armour
rNeg   . . .     SustAt   .     (no shield)
rPois  .         Gourm    .     c - +0 helmet
rElec  .         Spirit   .     (no cloak)
rCorr  .         Warding  .     (no gloves)
rMut   .         Stasis   .     (no boots)
MR     .....                    o - amulet of faith
Stlth  +.........               (no ring)
                                (no ring)

@: not resistant to hostile enchantments, very unstealthy
A: rough black scales 1
a: no special abilities


You were on level 3 of the Dungeon.
You were not hungry.

You visited 1 branch of the dungeon, and saw 3 of its levels.

You collected 92 gold pieces.

Inventory:

Hand weapons
 a - a +0 long sword (weapon)
Missiles
 d - 3 throwing nets (quivered)
Armour
 b - a +0 leather armour (worn)
 c - a +0 helmet (worn)
Jewellery
 o - an amulet of faith (around neck)
Scrolls
 g - a scroll of immolation {unknown}
 l - 2 scrolls of remove curse {unknown}
 m - a scroll of noise {unknown}
 n - a scroll of magic mapping {unknown}
 p - a scroll of fear {unknown}
 s - a scroll of amnesia {unknown}
 w - a scroll of enchant weapon {unknown}
Potions
 f - 3 potions of might {unknown}
 h - 2 potions of invisibility {unknown}
 j - a potion of curing
 k - a potion of haste {unknown}
 q - a potion of poison {unknown}
 r - a potion of lignification {unknown}
 t - a potion of mutation {unknown}
 u - a potion of heal wounds {unknown}
Books
 v - a book of Hinderance

   Spells                             Type                      Level
   a - Confusing Touch                Hexes                        2
   b - Confuse                        Hexes                        3
   c - Gell's Gravitas                Hexes/Translocation          3
   d - Petrify                        Transmutation/Earth          4
   e - Metabolic Englaciation         Hexes/Ice                    5
Comestibles
 e - a bread ration
 i - 3 meat rations
 x - a chunk of flesh


   Skills:
 + Level 4.0 Fighting
 + Level 4.0 Long Blades
 - Level 1.7 Throwing
 - Level 2.6 Dodging


You had 3 spell levels left.
You didn't know any spells.

Dungeon Overview and Level Annotations

Branches:
Dungeon (3/15)

Altars:
Nemelex Xobeh


Innate Abilities, Weirdness & Mutations

You are partially covered in rough black scales (AC +4, Dex -1).


Message History

The orc priest hits you with a hand axe of electrocution.
You slash the orc priest!
The orc priest is heavily wounded.
The orc priest hits you but does no damage.
You hit the orc priest but do no damage.
The orc priest is heavily wounded.
The orc priest hits you with a hand axe of electrocution.
You are electrocuted!
Ouch! That really hurt!
* * * LOW HITPOINT WARNING * * *
You closely miss the orc priest.
The orc priest is heavily wounded.
The orc priest barely misses you.
You barely miss the orc priest.
The orc priest is heavily wounded.
The orc priest closely misses you.
You closely miss the orc priest.
The orc priest is heavily wounded.
The orc priest hits you with a hand axe of electrocution!
You die...

..... #. .#.#
.# ..... #.
... ..# #
.....###. .(.
.....
......... .
.. ..#.#
........#
#.###.##.#.#
........#
#..........+
........'
......)o.#.#
........#
#.....)@.#.#
........#
#...#.##.#.#
........#
#>../......+
........'
...#.##.#.#
........# #..
# #.#.#
........# #.
#.#.#
########### #
#.#.###....#
..#........#
###........##
###


You could see an orc priest.

Vanquished Creatures
  A jelly (D:3)
  Jessica (D:3)
  2 adders
  3 worms
  2 orcs (D:3)
  A ball python (D:2)
  4 giant cockroaches
  12 goblins
  A hobgoblin (D:1)
  6 jackals
  7 kobolds
  6 bats
  4 giant newts
  4 rats
54 creatures vanquished.

Notes
Turn   | Place    | Note
--------------------------------------------------------------
     0 | D:1      | urechis the Demonspawn Gladiator began the quest for the Orb.
     0 | D:1      | Reached XP level 1. HP: 16/16 MP: 1/1
   408 | D:1      | Gained mutation: You are partially covered in rough black scales (AC +4, Dex -1). [demonic ancestry]
   408 | D:1      | Reached XP level 2. HP: 13/23 MP: 2/2
   449 | D:1      | Reached skill level 3 in Long Blades
   830 | D:1      | Found a sparkling altar of Nemelex Xobeh.
   984 | D:2      | Reached XP level 3. HP: 29/29 MP: 3/3
  2137 | D:3      | Reached XP level 4. HP: 20/35 MP: 4/4
  2628 | D:3      | Noticed Jessica
  2641 | D:3      | Killed Jessica
  2641 | D:3      | Reached skill level 4 in Long Blades
  2671 | D:3      | Slain by an orc priest

Vault maps used:
D:1:      minmay_arrival_arboretum_small, nemelex_diamond_rough_becter
D:3:      uniq_jessica

Action                   |  1- 3 |  4- 6 || total
-------------------------+-------+-------++-------
Melee: Long sword        |   195 |    45 ||   240
  Eat: Chunk             |     4 |     2 ||     6
